 Dungeon Crawl Stone Soup version 0.22.0-49-gab54619674 (webtiles) character file.

36 ShockStorm the Bolt Thrower (level 3, 0/23 HPs)
             Began as an Octopode Arcane Marksman on Sept 6, 2018.
             Succumbed to an adder's poison
             ... on level 1 of the Dungeon.
             The game lasted 00:25:30 (1397 turns).

ShockStorm the Bolt Thrower (OpAM)                  Turns: 1397, Time: 00:25:31

Health: 0/23       AC:  1    Str:  7 (9)  XL:     3   Next: 37%
Magic:  4/4        EV: 13    Int: 13 (15) God:
Gold:   56         SH:  0    Dex: 13 (15) Spells: 3/4 levels left

rFire    . . .     SeeInvis .   a - +1 hand crossbow
rCold    . . .     Gourm    .   (no shield)
rNeg     . . .     Faith    .   (helmet restricted)
rPois    .         Spirit   .   (no amulet)
rElec    .         Reflect  .   m - +2 ring of dexterity
rCorr    .         Harm     .   (no ring)
MR       .....                  (no ring)
Stlth    +++.......             (no ring)
HPRegen  0.07/turn              (no ring)
MPRegen  0.09/turn              (no ring)
                                (no ring)
                                (no ring)

@: lethally poisoned (0 -> -9)
A: almost no armour, stealthy swim, amphibious, 8 rings, constrict 8, camouflage
1, gelatinous body 1
a: no special abilities


You were on level 1 of the Dungeon.
You were not hungry.

You visited 1 branch of the dungeon, and saw 2 of its levels.

You collected 56 gold pieces.

Inventory:

Hand Weapons
 a - a +1 hand crossbow (weapon)
 b - a +0 hunting sling
 h - a +0 dagger
 n - a +0 dagger
 o - a +0 club
Missiles
 c - 24 bolts (quivered)
 e - 18 arrows
 l - 25 stones
Armour
 p - a +0 robe
 q - a +0 ring mail
Jewellery
 m - a +2 ring of dexterity (left tentacle)
Potions
 f - a potion of cancellation
Comestibles
 d - 3 rations
 r - a chunk of flesh


   Skills:
 + Level 1.2 Fighting
 * Level 0.1 Short Blades
 + Level 3.1 Crossbows
 + Level 2.2 Dodging
 * Level 1.4 Stealth
 + Level 1.0 Spellcasting
 - Level 3.0 Hexes


You had 3 spell levels left.
You knew the following spells:

 Your Spells              Type           Power        Failure   Level  Hunger
a - Corona                Hex            #......      9%          1    ##.....

Your spell library contained the following spells:

 Spells                   Type           Power        Failure   Level  Hunger
 Slow                     Hex            #.......     12%         2    ###....
 Inner Flame              Hex/Fire       #.......     41%         3    ####...
 Portal Projectile        Hex/Tloc       #.....       41%         3    ####...
 Cause Fear               Hex            #.........   63%         4    #####..
 Leda's Liquefaction      Hex/Erth       #.........   83%         4    #####..


Dungeon Overview and Level Annotations

Branches:
Dungeon (2/15)

Altars:

Annotations:
D:2 Sigmund


Innate Abilities, Weirdness & Mutations

You cannot wear most types of armour.
You are very stealthy in the water. (Stealth+)
You are amphibious.
You can wear up to eight rings at the same time.
You can use your tentacles to constrict eight enemies at once.
Your skin changes colour to match your surroundings (Stealth+).
Your rubbery body absorbs attacks. (AC +1, EV +1)


Message History

It was a potion of degeneration.
There was something very wrong with that liquid.
You feel weakened.
You feel dopey.
You feel clumsy.
* * * LOW HITPOINT WARNING * * *
You feel sick.
* * * LOW HITPOINT WARNING * * *
You feel sick.
Things that are here:
5 bolts; an adder corpse
As you read the scroll labeled XOROVVE SUGGEN, it crumbles to dust.
It is a scroll of enchant weapon.
Your +0 hand crossbow glows red for a moment.
* * * LOW HITPOINT WARNING * * *
You feel sick.
You feel agile.
m - a +2 ring of dexterity (left tentacle)
Your magical effects are unravelling.
You feel magically purged.
You feel a little less clever now.
You die...

...######...######.#.#.#.......#
...#....#...#....#.#.#.........#
...#..÷.#...#..÷.#...##.#....###
#+##....##'##....#...........#
...###'##...###'##...##......#
...'....'...'...#....#.....#.#
..##...##...#..##....#.....#.#
..#.#...#...#.##..#..##....#.#
.....##...#..###@##........#.#
###...#.#...###..>...##....#.#
..#.........###...#..#.....#.#
#.##....#.#.##..#.#..#.....#.#
..........###..##.#........#.#
......#..###......######'#>#.#
.#..#.####.................#.#
#.#######..#############.#...#
#+#####...#.÷............#.######


There were no monsters in sight!

Vanquished Creatures
  An adder (D:1)
  An ooze (D:1)
  2 leopard geckos (D:1)
  A giant cockroach (D:1)
  4 goblins
  3 hobgoblins (D:1)
  2 kobolds (D:1)
  2 bats (D:1)
  A frilled lizard (D:1)
  4 rats
21 creatures vanquished.

Notes
Turn   | Place    | Note
-------+----------+-------------------------------------------
     0 | D:1      | ShockStorm the Octopode Arcane Marksman began the quest for
                  | the Orb.
     0 | D:1      | Reached XP level 1. HP: 13/13 MP: 2/2
   273 | D:1      | Reached skill level 1 in Stealth
   273 | D:1      | Reached XP level 2. HP: 18/18 MP: 3/3
   704 | D:1      | Reached XP level 3. HP: 23/23 MP: 4/4
  1139 | D:2      | Found a faded altar of an unknown god.
  1336 | D:2      | Noticed Sigmund
  1395 | D:1      | HP: 1/23 [poisoned by an adder]
  1397 | D:1      | Succumbed to an adder's poison

Skill      XL: |  1  2  3 |
---------------+----------+-----
Stealth        | 1 |  1.4
Crossbows      | 3 |  3.1
Fighting       | |  1.2
Short Blades   | |  0.1
Dodging        | |  2.2
Spellcasting   | |  1.0
Hexes          | |  3.0

Action                   || total
-------------------------++-------
 Fire: Hand crossbow     ||    51
  Use: Scroll            ||     6
       Potion            ||     5
  Eat: Chunk             ||     1
Armor: Skin              ||     3
Dodge: Dodged            ||    21
